 Dungeon Sprint DCSS version 0.17-a0-1830-g81820eb (webtiles) character file.

1225 Kidiri the Protected (level 8, 0/54 HPs)
             Began as a Gargoyle Fighter on Sept 13, 2015.
             Was a Follower of Okawaru.
             Slain by a two-headed ogre
             ... wielding a +0 giant club
              (18 damage)
             ... in the Dungeon (Sprint III: "The Ten Rune Challenge").
             The game lasted 00:05:51 (1074 turns).

Kidiri the Protected (Gargoyle Fighter)             Turns: 1074, Time: 00:05:51

Health: 0/54       AC: 16    Str: 21    XL:     8   Next: 47%
Magic:  10/10      EV:  9    Int:  8    God:    Okawaru [*.....]
Gold:   43         SH: 12    Dex: 11    Spells: 0 memorised, 7 levels left

rFire  . . .     SeeInvis .     a - +0 flail
rCold  . . .     Clarity  .     l - +0 chain mail
rNeg   + . .     SustAt   .     c - +0 shield
rPois  ∞         Gourm    .     (no helmet)
rElec  +         Spirit   .     (no cloak)
rCorr  .         Warding  .     (no gloves)
rMut   .         NoTele   +     (no boots)
MR     +....                    (no amulet)
Stlth  ..........               (no ring)
                                (no ring)

@: somewhat resistant to hostile enchantments, extremely unstealthy
A: magic resistance 1, negative energy resistance 1, electricity resistance,
unbreathing, petrification resistance, rot immunity, AC +5
a: Heroism, Renounce Religion


You were in the Dungeon.
You worshipped Okawaru.
Okawaru was aware of your devotion.
You were not hungry.

You visited 1 branch You collected 43 gold pieces.

Inventory:

Hand weapons
 a - a +0 flail (weapon)
Armour
 c - a +0 shield (worn)
 l - a +0 chain mail (worn)
Scrolls
 k - a scroll of blinking
 m - 2 scrolls of immolation
 p - a scroll of holy word
 q - 2 scrolls of remove curse
Potions
 d - a potion of might
 f - 2 potions of curing
 g - a potion of heal wounds
 h - a potion of haste
 i - 2 potions of magic
 j - a potion of berserk rage
 o - 2 potions of flight
Comestibles
 b - a royal jelly
 e - 2 bread rations


   Skills:
 + Level 7.6 Fighting
 * Level 9.2 Maces & Flails
 * Level 10.3 Armour
 + Level 5.1 Dodging
 * Level 10.3 Shields
 + Level 3.8 Invocations


You had 7 spell levels left.
You didn't know any spells.

Dungeon Overview and Level Annotations

Branches:
Dungeon (1/1)

Altars:
Cheibriados
Dithmenos
Elyvilon
Fedhas
Gozag
Kikubaaqudgha
Makhleb
Nemelex Xobeh
Okawaru
Qazlal
Ru
Sif Muna
Trog
Vehumet
Xom
Yredelemnul
Zin
The Shining One
Jiyva
Lugonu


Innate Abilities, Weirdness & Mutations

You are resistant to torment.
Your stone body is resilient (AC +5).
You are immune to poison.
You resist negative energy.
You are resistant to electric shocks.
You can survive without breathing.
You are immune to petrification.
You are immune to rotting.
You are resistant to hostile enchantments.


Message History

You completely miss the two-headed ogre.
The two-headed ogre is severely wounded.
The two-headed ogre barely misses you. You block the two-headed ogre's attack.
You hit the two-headed ogre.
The two-headed ogre is severely wounded.
The two-headed ogre closely misses you. You block the two-headed ogre's attack.
Your chain mail prevents you from hitting the two-headed ogre.
The two-headed ogre is severely wounded.
You block the two-headed ogre's attack. x2
You barely miss the two-headed ogre.
The two-headed ogre is severely wounded.
The two-headed ogre barely misses you.
The two-headed ogre hits you with a giant spiked club.
You hit the two-headed ogre.
The two-headed ogre is almost dead.
You hit the two-headed ogre.
The two-headed ogre is almost dead.
The two-headed ogre closely misses you.
The two-headed ogre hits you with a giant spiked club!!
You die...

♣♣♣.###+#+###+##
♣...#..........#
..♣.'.⌠........#
≈♣♣.#...######'#
....#.⌠.#__#...# # #
....#...#__#...#
.#.#
....#+###__#...##
#..
....#..:#__#...'##.#
....#___#_.+...#@O.#
▓▓▓▓▓▓▓▓▓▓▓▓▓▓▓▓▓▓▓▓


You could see a two-headed ogre.

Vanquished Creatures
  A deep elf priest (D)
  A shadow (D)
  A spatial vortex (D)
  A necrophage (D)
  2 two-headed ogres (D)
  A water elemental (D)
  A scorpion (D)
  A wizard (D)
  A jelly (D)
  Jessica (D)
  A necromancer (D)
  3 humans (D)
  A kobold demonologist (D)
  An ooze (D)
  2 rats (D)
19 creatures vanquished.

Vanquished Creatures (others)
  2 draconian scorchers (D)
  2 yaktaurs (D)
4 creatures vanquished.

Grand Total: 23 creatures vanquished

Notes
Turn   | Place    | Note
--------------------------------------------------------------
     0 | D        | Kidiri the Gargoyle Fighter began the quest for the Orb.
     0 | D        | Reached XP level 1. HP: 14/14 MP: 1/1
    33 | D        | Noticed Jessica
    40 | D        | Killed a yaktaur
    42 | D        | Killed Jessica
    42 | D        | Reached skill level 4 in Fighting
    42 | D        | Reached skill level 1 in Dodging
    42 | D        | Reached XP level 2. HP: 14/20 MP: 2/2
    42 | D        | Reached XP level 3. HP: 16/24 MP: 3/3
   167 | D        | Reached skill level 5 in Armour
   167 | D        | Reached skill level 5 in Shields
   169 | D        | Killed a white draconian scorcher
   315 | D        | Noticed a scorpion
   337 | D        | Killed a scorpion
   337 | D        | Reached XP level 4. HP: 18/30 MP: 4/4
   398 | D        | Killed a white draconian scorcher
   448 | D        | Gained mutation: You are resistant to hostile enchantments. [potion of mutation]
   448 | D        | Gained mutation: Your magical capacity is low (-10% MP). [potion of mutation]
   448 | D        | Gained mutation: Your flesh is cold resistant. [potion of mutation]
   449 | D        | Gained mutation: You tend to lose your temper in combat. [potion of mutation]
   449 | D        | Gained mutation: Armour fits poorly on your strangely shaped body. [potion of mutation]
   449 | D        | Gained mutation: Scrolls take you a little longer to read. [potion of mutation]
   450 | D        | Gained mutation: You often lose your temper in combat. [potion of mutation]
   451 | D        | Lost mutation: Your flesh is cold resistant. [potion of cure mutation]
   451 | D        | Lost mutation: Scrolls take you a little longer to read. [potion of cure mutation]
   451 | D        | Lost mutation: Your magical capacity is low (-10% MP). [potion of cure mutation]
   451 | D        | Lost mutation: You often lose your temper in combat. [potion of cure mutation]
   452 | D        | Lost mutation: Armour fits poorly on your strangely shaped body. [potion of cure mutation]
   452 | D        | Lost mutation: You tend to lose your temper in combat. [potion of cure mutation]
   453 | D        | Killed a yaktaur
   476 | D        | Noticed a water elemental
   490 | D        | Killed a water elemental
   490 | D        | Reached skill level 5 in Fighting
   490 | D        | Reached skill level 5 in Maces & Flails
   490 | D        | Reached skill level 6 in Armour
   490 | D        | Reached XP level 5. HP: 33/35 MP: 5/5
   510 | D        | Found an iron altar of Okawaru.
   510 | D        | Found a bloodstained altar of Trog.
   510 | D        | Noticed a human
   511 | D        | Noticed a human
   552 | D        | Killed a human
   552 | D        | Reached skill level 7 in Armour
   552 | D        | Reached XP level 6. HP: 36/41 MP: 6/6
   564 | D        | Killed a human
   564 | D        | Reached skill level 8 in Armour
   564 | D        | Reached XP level 7. HP: 33/47 MP: 7/7
   671 | D        | Became a worshipper of Warmaster Okawaru
   695 | D        | Found a glowing silver altar of Zin.
   696 | D        | Found a glowing golden altar of the Shining One.
   696 | D        | Found a white marble altar of Elyvilon.
   696 | D        | Noticed a deep elf priest
   702 | D        | Killed a deep elf priest
   702 | D        | Reached skill level 9 in Armour
   745 | D        | Found a basalt altar of Yredelemnul.
   745 | D        | Found a snail-covered altar of Cheibriados.
   745 | D        | Found a blossoming altar of Fedhas.
   745 | D        | Noticed a necrophage
   745 | D        | Noticed a necromancer
   760 | D        | Killed a necromancer
   766 | D        | Killed a necrophage
   846 | D        | Found a radiant altar of Vehumet.
   847 | D        | Found a deep blue altar of Sif Muna.
   847 | D        | Found an ancient bone altar of Kikubaaqudgha.
   847 | D        | Noticed a wizard
   857 | D        | Paralysed by a wizard for 2 turns
   859 | D        | Killed a wizard
   859 | D        | Acquired Okawaru's first power
   895 | D        | Noticed a jelly
   904 | D        | Killed a jelly
   904 | D        | Reached XP level 8. HP: 51/53 MP: 10/10
  1002 | D        | Noticed a shadow
  1005 | D        | Killed a shadow
  1005 | D        | Reached skill level 10 in Shields
  1018 | D        | Found a stormy altar of Qazlal.
  1019 | D        | Found a sacrificial altar of Ru.
  1019 | D        | Found a burning altar of Makhleb.
  1019 | D        | Found a viscous altar of Jiyva.
  1019 | D        | Found a shimmering altar of Xom.
  1019 | D        | Found a shadowy altar of Dithmenos.
  1019 | D        | Found a sparkling altar of Nemelex Xobeh.
  1019 | D        | Found a corrupted altar of Lugonu.
  1019 | D        | Found an opulent altar of Gozag.
  1019 | D        | Noticed a spatial vortex
  1032 | D        | Killed a spatial vortex
  1032 | D        | Reached skill level 10 in Armour
  1032 | D        | Reached skill level 5 in Dodging
  1052 | D        | Noticed a two-headed ogre
  1052 | D        | Noticed a two-headed ogre
  1054 | D        | Noticed a two-headed ogre
  1058 | D        | Killed a two-headed ogre
  1066 | D        | Killed a two-headed ogre
  1074 | D        | Slain by a two-headed ogre

Vault maps used:
D:        dungeon_sprint_mu

Action                   |  1- 3 |  4- 6 |  7- 9 || total
-------------------------+-------+-------+-------++-------
Melee: Flail             |    45 |    39 |    72 ||   156
Invok: Heroism           |       |       |     1 ||     1
  Use: Potion            |       |     6 |       ||     6
       Scroll            |       |     3 |       ||     3
  Eat: Royal jelly       |       |       |     1 ||     1
